 Dungeon Crawl Stone Soup version 0.17-a0-1262-gd250d98 (webtiles) character file.

625 Hanyuu the Chopper (level 7, -2/54 HPs)
             Began as a Demonspawn Gladiator on June 6, 2015.
             Slain by Xvorost's ghost (7 damage)
             ... on level 5 of the Dungeon.
             The game lasted 00:15:01 (4296 turns).

Hanyuu the Chopper (Demonspawn Gladiator)           Turns: 4296, Time: 00:15:01

Health: -2/54      AC: 15    Str: 15      XL:     7   Next: 23%
Magic:  7/7        EV: 15    Int: 12      God:
Gold:   282        SH:  0    Dex: 17 (18) Spells: 0 memorised, 6 levels left

rFire  + . .     SeeInvis .     a - +1 war axe
rCold  + . .     Clarity  .     e - +4 scale mail {rF+}
rNeg   . . .     SustAt   .     (no shield)
rPois  .         Gourm    .     l - +1 helmet
rElec  .         Spirit   .     (no cloak)
rCorr  .         Warding  .     y - +2 pair of gloves
rMut   .         Stasis   .     (boots unavailable)
MR     .....                    q - amulet of rage
Stlth  +.........               (no ring)
                                f - ring of wizardry

@: agile, not resistant to hostile enchantments, very unstealthy
A: talons 3, cold resistance 1, rot immunity
a: Evoke Berserk Rage


You were on level 5 of the Dungeon.
You were hungry.

You visited 1 branch of the dungeon, and saw 5 of its levels.

You collected 282 gold pieces.

Inventory:

Hand weapons
 a - a +1 war axe (weapon)
Missiles
 d - 2 throwing nets (quivered)
 u - 12 poisoned needles
 C - 7 javelins
Armour
 b - a +0 leather armour
 e - a +4 scale mail of fire resistance (worn)
 l - a +1 helmet (worn)
 y - a +2 pair of gloves (worn)
Jewellery
 f - a ring of wizardry (left hand)
 q - an amulet of rage (around neck)
Magical devices
 m - a wand of flame (28)
Scrolls
 i - 3 scrolls of teleportation
 p - 2 scrolls of recharging
 t - 2 scrolls of enchant armour {unknown}
 v - 2 scrolls of noise {unknown}
 A - a scroll of enchant weapon
Potions
 h - a potion of agility
 j - a potion of degeneration
 r - a potion of resistance
 s - 2 potions of flight
 x - a potion of brilliance
Comestibles
 c - 4 bread rations
 g - a slice of pizza
 k - 4 meat rations
 n - a beef jerky
 o - 7 fruits
 w - 2 chunks of flesh


   Skills:
 + Level 4.0 Fighting
 * Level 6.9 Axes
 - Level 1.7 Throwing
 - Level 2.6 Dodging


You had 6 spell levels left.
You didn't know any spells.

Dungeon Overview and Level Annotations

Branches:
Dungeon (5/15)
 Temple: D:4-7

Altars:
Fedhas
Kikubaaqudgha
Okawaru
Qazlal
Vehumet
Yredelemnul
The Shining One

Shops:
D:4 (

Annotations:
D:5 Xvorost's ghost, average GrFi


Innate Abilities, Weirdness & Mutations

You have claws for feet.
Your flesh is cold resistant.
You are immune to rotting.


Message History

You hit Xvorost's ghost but do no damage.
You claw Xvorost's ghost, but do no damage.
Xvorost's ghost is severely damaged.
Xvorost's ghost lets out a mournful wail.
Xvorost's ghost closely misses you.
You hit Xvorost's ghost.
You claw Xvorost's ghost, but do no damage.
Xvorost's ghost is severely damaged.
Xvorost's ghost closely misses you.
You hit Xvorost's ghost but do no damage.
Your kick misses Xvorost's ghost.
Xvorost's ghost is severely damaged.
Xvorost's ghost hits you!
* * * LOW HITPOINT WARNING * * *
Xvorost's ghost hits you but does no damage.
You barely miss Xvorost's ghost.
You claw Xvorost's ghost, but do no damage.
Xvorost's ghost is severely damaged.
Xvorost's ghost hits you!
You die...

#............W.$.#
#................
#
#...............#
## ##†#........
...#
.###..#####...
#..# ###..## ##
##..# #...####
#...# #......####
#W.## #.........#
##@..# #..†.......
#....# #..........
#....# ...........
##....#
#..........
#..)..#
#..........
#.....#
#.........#
##.#...#
#.........#
#..#...#
#.........
##.##...#


You could see Xvorost's ghost.

Vanquished Creatures
  A sky beast (D:4)
  An ogre (D:3)
  A centaur (D:5)
  A giant frog (D:5)
  A scorpion (D:5)
  A quasit (D:5)
  Terence (D:2)
  9 adders
  A shadow imp (D:4)
  An ooze (D:2)
  3 worms
  2 giant geckos
  2 orcs
  3 ball pythons
  A bat skeleton (D:4)
  2 gnoll zombies (D:2)
  16 hobgoblins
  13 bats
  5 giant cockroaches
  A giant cockroach zombie (D:5)
  A giant gecko zombie (D:5)
  4 giant newts
  16 goblins
  9 jackals
  14 kobolds
  4 quokkas
  12 rats
126 creatures vanquished.

Notes
Turn   | Place    | Note
--------------------------------------------------------------
     0 | D:1      | Hanyuu the Demonspawn Gladiator began the quest for the Orb.
     0 | D:1      | Reached XP level 1. HP: 16/16 MP: 1/1
    57 | D:1      | Reached skill level 3 in Axes
    66 | D:1      | Gained mutation: You have sharp toenails. [demonic ancestry]
    66 | D:1      | Reached XP level 2. HP: 12/22 MP: 2/2
   683 | D:1      | Gained mutation: You are immune to rotting. [demonic ancestry]
   683 | D:1      | Reached XP level 3. HP: 15/27 MP: 3/3
  1120 | D:2      | Reached skill level 4 in Axes
  1173 | D:2      | Noticed Terence
  1184 | D:2      | Killed Terence
  1184 | D:2      | Reached XP level 4. HP: 7/33 MP: 4/4
  1436 | D:2      | Found an ancient bone altar of Kikubaaqudgha.
  1684 | D:2      | Reached skill level 5 in Axes
  1780 | D:2      | Gained mutation: You have razor-sharp toenails. [demonic ancestry]
  1780 | D:2      | Reached XP level 5. HP: 34/38 MP: 5/5
  1782 | D:2      | Found a basalt altar of Yredelemnul.
  2070 | D:3      | Found a radiant altar of Vehumet.
  2299 | D:3      | Found a blossoming altar of Fedhas.
  2299 | D:3      | Found a glowing golden altar of the Shining One.
  2468 | D:3      | Noticed an ogre
  2477 | D:3      | Killed an ogre
  2972 | D:4      | Found Suvvo's Antique Weapon Emporium.
  3028 | D:4      | Found an iron altar of Okawaru.
  3173 | D:4      | Gained mutation: You have claws for feet. [demonic ancestry]
  3173 | D:4      | Reached XP level 6. HP: 42/47 MP: 6/6
  3244 | D:4      | Noticed a sky beast
  3265 | D:4      | Killed a sky beast
  3265 | D:4      | Reached skill level 6 in Axes
  3386 | D:4      | Found a stormy altar of Qazlal.
  3439 | D:5      | Entered Level 5 of the Dungeon
  3703 | D:5      | Gained mutation: Your flesh is cold resistant. [demonic ancestry]
  3703 | D:5      | Reached XP level 7. HP: 32/53 MP: 7/7
  4256 | D:5      | Noticed Xvorost's ghost (average GrFi)
  4296 | D:5      | Slain by Xvorost's ghost

Vault maps used:
D:1:      dpeg_arrival_lava_temple_mockup, minmay_circled_x
D:2:      lemuel_doored_altar, lemuel_zombie_altar_yredelemnul, moated_statue,
          minmay_misc_feat_plants, uniq_terence
D:3:      lemuel_upstairs_altar, vehumet_altar_wand_db,
          gammafunk_temple_overflow_statue, first_bread
D:4:      okawaru_metal_pillars_3, grunt_qazlal_sundering, serial_shops,
          shop_statue
D:5:      wad_pebble_path, uniq_edmund

Action                   |  1- 3 |  4- 6 |  7- 9 || total
-------------------------+-------+-------+-------++-------
Melee: War axe           |   116 |   242 |    89 ||   447
Throw: Throwing net      |       |     1 |       ||     1
  Use: Scroll            |     1 |     8 |     2 ||    11
       Potion            |     2 |       |     2 ||     4
  Eat: Chunk             |     1 |     8 |     2 ||    11
